 Dungeon Crawl Stone Soup version 0.24-a0-475-g5b41c6f (webtiles) character file.

Game seed: 6425903023034137317

206 Spazmo the Magician (level 5, -7/28 HPs)
             Began as a Deep Elf Fire Elementalist on July 5, 2019.
             Mangled by an iguana (9 damage)
             ... on level 3 of the Dungeon.
             The game lasted 00:04:06 (1509 turns).

Spazmo the Magician (Deep Elf Fire Elementalist)    Turns: 1509, Time: 00:04:07

Health: -7/28      AC:  3    Str:  5    XL:     5   Next: 53%
Magic:  6/14       EV: 13    Int: 21    God:
Gold:   157        SH:  0    Dex: 15    Spells: 4/14 levels left

rFire    . . .     SeeInvis .   k - +2 dagger (drain)
rCold    . . .     Gourm    .   (no shield)
rNeg     . . .     Faith    .   h - +0 robe (curse)
rPois    +         Spirit   .   j - +0 helmet
rElec    .         Reflect  .   (no cloak)
rCorr    .         Harm     .   (no gloves)
MR       .....                  (no boots)
Stlth    ++........             (no amulet)
HPRegen  0.09/turn              b - ring of flight
MPRegen  0.14/turn              m - ring of poison resistance

@: no status effects
A: no striking features
a: Evoke Flight


You were on level 3 of the Dungeon.
You were not hungry.

You visited 1 branch of the dungeon, and saw 3 of its levels.

You collected 157 gold pieces.

Inventory:

Hand Weapons
 g - a +5 club
 k - a +2 dagger of draining (weapon)
Missiles
 f - 85 stones (quivered)
Armour
 h - a cursed +0 robe (worn)
 j - a +0 helmet (worn)
Jewellery
 b - a ring of flight (left hand)
 m - a ring of poison resistance (right hand)
Scrolls
 d - a scroll of identify
Potions
 a - a potion of haste
 e - a potion of curing
 i - a potion of flight {unknown}
Comestibles
 c - 3 rations
 l - 9 chunks of flesh


   Skills:
 - Level 2.4 Dodging
 - Level 2.4 Stealth
 + Level 5.1 Spellcasting
 + Level 3.6 Conjurations
 + Level 4.7 Fire Magic


You had 4 spell levels left.
You knew the following spells:

 Your Spells              Type           Power        Failure   Level  Hunger
a - Flame Tongue          Conj/Fire      ###..        1%          1    None
b - Throw Flame           Conj/Fire      ###...       3%          2    None
c - Conjure Flame         Conj/Fire      ###.....     6%          3    ##.....
d - Sticky Flame          Conj/Fire      ###.....     19%         4    ####...

Your spell library contained the following spells:

 Spells                   Type           Power        Failure   Level  Hunger
 Inner Flame              Hex/Fire       ###.....     12%         3    ##.....
 Fireball                 Conj/Fire      ###.......   47%         5    #####..


Dungeon Overview and Level Annotations

Branches:
Dungeon (3/15)

Altars:
Cheibriados


Message History

The iguana is moderately wounded.
The iguana bites you!
Casting: Flame Tongue (safe; 1% risk of failure)
Confirm with . or Enter, or press ? or * to list all spells.
Aiming: Flame Tongue (safe; 1% risk of failure)
Press: ? - help, Shift-Dir - straight line, f/p - orc
Aim: an orc, wielding a +2 flail of protection and wearing a cursed +0 ring mail (heavily wounded)
The flame tongue hits the iguana but does no damage.
The iguana is moderately wounded.
The iguana bites you!
* * * LOW HITPOINT WARNING * * *
Casting: Flame Tongue (safe; 1% risk of failure)
Confirm with . or Enter, or press ? or * to list all spells.
Aiming: Flame Tongue (safe; 1% risk of failure)
Press: ? - help, Shift-Dir - straight line, f/p - orc
Aim: an orc, wielding a +2 flail of protection and wearing a cursed +0 ring mail (heavily wounded)
The flame tongue hits the iguana.
The iguana is severely wounded.
The iguana bites you!
You die...

#>...........$.?
#.....#.########
#.......#
#.....###
##...## #.###
#o# ###l# #.@.#
#.### #.# #.#
#.# #####
#.####...#
#....#.#รท###
####.#.....#
#.##.##.#


You could see an iguana and an orc.

Vanquished Creatures
  An ogre (D:2)
  Jessica (D:2)
  5 adders
  A worm (D:2)
  3 dart slugs
  A leopard gecko (D:1)
  6 bats
  2 giant cockroaches
  4 goblins
  8 hobgoblins
  2 jackals (D:1)
  5 kobolds
  3 ball pythons
  4 frilled lizards
  3 rats
49 creatures vanquished.

Vanquished Creatures (others)
  4 toadstools (D:1)
4 creatures vanquished.

Grand Total: 53 creatures vanquished

Notes
Turn   | Place    | Note
-------+----------+-------------------------------------------
     0 | D:1      | Spazmo the Deep Elf Fire Elementalist began the quest for
                  | the Orb.
     0 | D:1      | Reached XP level 1. HP: 10/10 MP: 6/6
    78 | D:1      | Reached XP level 2. HP: 4/15 MP: 4/8
    82 | D:1      | Learned a level 2 spell: Throw Flame
   631 | D:1      | Reached XP level 3. HP: 19/19 MP: 7/10
   636 | D:1      | Learned a level 3 spell: Conjure Flame
   711 | D:2      | Noticed Jessica
   728 | D:2      | Killed Jessica
   728 | D:2      | Reached skill level 4 in Spellcasting
   826 | D:2      | Reached XP level 4. HP: 14/24 MP: 8/12
   963 | D:2      | Noticed an ogre
   976 | D:2      | Killed an ogre
   976 | D:2      | Reached XP level 5. HP: 28/28 MP: 3/14
   982 | D:2      | Learned a level 4 spell: Sticky Flame
  1292 | D:2      | Found a snail-covered altar of Cheibriados.
  1344 | D:2      | Reached skill level 5 in Spellcasting
  1509 | D:3      | Mangled by an iguana

Levels and vault maps discovered:
D:1:      nzn_arrival_settlement, layout_rooms, minmay_gold_behind_fungi,
          minmay_misc_feat_rugged
D:2:      layout_loops_ring, kennysheep_slug_shrine, uniq_jessica
D:3:      layout_basic, feat_on_display

Skill      XL: |  1  2  3  4  5 |
---------------+----------------+-----
Conjurations   | 2 3 |  3.6
Spellcasting   | 4 5 |  5.1
Fire Magic     | 4 |  4.7
Dodging        | |  2.4
Stealth        | |  2.4

Action                   |  1- 3 |  4- 6 || total
-------------------------+-------+-------++-------
 Cast: Flame Tongue      |    42 |    51 ||    93
       Throw Flame       |     1 |       ||     1
       Conjure Flame     |       |     1 ||     1
  Use: Scroll            |     3 |       ||     3
       Potion            |       |     1 ||     1
  Eat: Chunk             |       |     2 ||     2
Armor: Robe              |     3 |     1 ||     4
Dodge: Dodged            |     6 |     7 ||    13

Table legend:
 A = Non-vault XP
 B = Vault XP
 C = Vault XP percentage of total XP
 D = Non-vault monster count
 E = Vault monster count
 F = Vault count percentage of total count
                 A         B        C        D         E       F
            +---------+---------+-------+---------+---------+-------
      Total |     254 |      41 |  13.9 |      47 |       2 |   4.1
            +---------+---------+-------+---------+---------+-------
        D:1 |      42 |       0 |   0.0 |      21 |       0 |   0.0
        D:2 |     196 |      41 |  17.3 |      22 |       2 |   8.3
        D:3 |      16 |       0 |   0.0 |       4 |       0 |   0.0
            +---------+---------+-------+---------+---------+-------
